Map: Tokamak LE

Players

ByuN - Winner!

  • Race: Terran Terran
  • Spawn Location: 7:00

Lambo

  • Race: Zerg Zerg
  • Spawn Location: 1:00

Event: Esports World Cup 2025

VOD

Have the link to the VOD?

Description

Time

  • Played on: July 22, 2025, 7:21 a.m.
  • Length: 13:59

All games in this series

Show
View Real Time Build Order
Export as new Build Order

ByuN Terran - Winner!

Build Orders: Command Center First 

Get SALT Encoding   

  12  0:00  SCV  
  13  0:12  SCV  
  14  0:16  Supply Depot  
  14  0:24  SCV  
  15  0:38  SCV  
  16  0:50  SCV  
  17  0:59  Command Center  
  17  1:02  SCV  
  18  1:12  Barracks  
  18  1:15  SCV  
  19  1:21  Refinery  
  19  1:27  SCV  
  20  1:33  Barracks  
  20  1:39  SCV  
  21  1:42  Refinery  
  21  1:51  SCV  
  22  1:59  Marine  
  23  2:04  Orbital Command  
  23  2:11  Orbital Command  
  23  2:17  Marine  
  23  2:21  Barracks Tech Lab  
  24  2:29  SCV  
  25  2:35  Barracks Reactor  
  25  2:38  Marine  
  25  2:39  Stimpack  
  25  2:40  SCV  
  25  2:41  SCV  
  28  2:49  Factory  
  28  2:52  SCV  
  28  2:53  SCV  
  28  2:56  Marine  
  31  3:01  Supply Depot  
  31  3:05  SCV x2  
  33  3:11  Marine  
  33  3:12  Marine  
  35  3:14  Marine  
  35  3:17  Supply Depot, SCV  
  35  3:18  SCV  
  38  3:29  Marine x2, SCV  
  38  3:30  SCV  
  38  3:32  Marine  
  43  3:34  Factory Reactor, Starport  
  43  3:40  Supply Depot  
  43  3:41  SCV  
  43  3:43  SCV  
  43  3:47  Marine x2  
  47  3:50  Marine  
  47  3:54  SCV  
  47  3:55  Supply Depot, SCV  
  50  4:02  Refinery  
  50  4:05  Marine x2  
  50  4:06  SCV  
  50  4:07  SCV  
  54  4:10  Marine  
  55  4:17  Engineering Bay  
  55  4:19  SCV  
  55  4:20  Medivac x2  
  55  4:21  Factory Tech Lab  
  55  4:23  Marine x2  
  62  4:25  Supply Depot  
  62  4:29  Marine  
  63  4:31  SCV x2  
  65  4:40  Siege Tank  
  65  4:41  Marine x2  
  65  4:45  Terran Infantry Weapons Level 1  
  70  4:47  Combat Shield, SCV x2  
  70  4:49  Supply Depot  
  72  4:53  Barracks, Marine  
  73  5:00  SCV  
  73  5:01  Marine x2, SCV  
  77  5:08  Supply Depot  
  77  5:11  Marine  
  77  5:12  Siege Tank  
  81  5:17  Supply Depot, Medivac  
  81  5:19  Marine  
  81  5:20  SCV  
  85  5:25  Marine  
  86  5:29  Marine  
  86  5:30  Supply Depot  
  87  5:43  Supply Depot  
  87  5:44  Command Center, Marine x3  
  87  5:45  Marine  
  87  5:47  Marine  
  87  5:49  Starport Reactor  
  92  5:52  Supply Depot  
  92  5:54  SCV x2  
  92  5:57  Siege Tank  
  94  6:05  Marine  
  94  6:06  Marine x4  
  94  6:10  Barracks  
  99  6:13  SCV x2  
  99  6:15  Barracks  
  101  6:23  Marine x2  
  101  6:24  Marine  
  101  6:25  Supply Depot, SCV  
  100  6:30  SCV  
  97  6:35  Marine  
  97  6:36  Marine  
  97  6:37  SCV  
  100  6:41  Marine  
  100  6:42  SCV  
  100  6:43  Terran Infantry Armor Level 1  
  101  6:47  Marine x2  
  101  6:49  SCV  
  101  6:52  Marine  
  101  6:53  Siege Tank  
  108  6:54  Marine, SCV  
  108  7:00  Barracks Reactor  
  110  7:01  Refinery  
  110  7:05  Orbital Command  
  99  7:17  Marine x2  
  99  7:20  SCV x2  
  99  7:21  Marine x2  
  96  7:23  Orbital Command  
  96  7:25  Barracks Reactor  
  96  7:28  Supply Depot x2  
  95  7:32  SCV  
  96  7:38  Marine x5  
  101  7:49  SCV x2  
  101  7:52  Marine x2  
  101  7:56  Marine x2  
  97  7:59  Armory  
  97  8:02  Engineering Bay  
  97  8:03  SCV x2  
  97  8:04  Marine x2, SCV  
  97  8:05  Marine  
  103  8:06  Marine  
  103  8:07  Marine  
  103  8:11  Medivac  
  107  8:13  Medivac  
  109  8:20  SCV x2  
  100  8:27  Marine x6  
  100  8:28  Marine x3  
  100  8:29  SCV  
  96  8:34  SCV x2  
  97  8:42  Medivac  
  97  8:43  Widow Mine, Medivac  
  97  8:45  Marine  
  97  8:48  Terran Infantry Armor Level 2  
  104  8:49  Terran Infantry Weapons Level 2  
  104  8:59  Marine x6  
  104  9:00  Command Center, Marine  
  104  9:02  Marine x2  
  112  9:04  Supply Depot  
  115  9:11  Supply Depot, SCV x3  
  118  9:17  Marine, Medivac x2  
  118  9:21  Supply Depot  
  118  9:23  Supply Depot  
  121  9:26  Marine, SCV x2  
  121  9:27  Marine x4  
  131  9:33  Widow Mine  
  131  9:34  Widow Mine  
  131  9:35  Marine  
  131  9:36  Marauder x2, Concussive Shells  
  137  9:43  Supply Depot  
  137  9:44  Supply Depot, Marine x2  
  137  9:45  Marine  
  140  9:47  Marine  
  140  9:48  Marine  
  142  9:52  Marine  
  142  9:56  Barracks  
  142  9:57  Marauder, Barracks  
  145  10:00  Barracks, Widow Mine x2  
  145  10:07  Marauder  
  151  10:09  Marine x4  
  151  10:10  Marine  
  156  10:19  Marauder  
  158  10:21  Marine, Widow Mine  
  158  10:22  Widow Mine  
  158  10:24  Terran Vehicle And Ship Armor Level 1  
  158  10:26  Sensor Tower  
  158  10:27  Marine x2  
  158  10:28  Marauder  
  165  10:40  Marauder, Marine x2  
  165  10:41  Marine x2  
  170  10:44  Refinery  
  170  10:45  Barracks Tech Lab x2  
  170  10:47  Barracks Reactor  
  170  10:49  Marauder  
  171  10:51  Widow Mine x2  
  171  10:52  Marine x2  
  162  11:01  Marauder, Marine x2  
  157  11:06  Marine  
  157  11:07  Marauder x2, Marine  
  157  11:09  Medivac x2  
  157  11:11  Marauder  
  169  11:12  Widow Mine  
  169  11:13  Widow Mine  
  169  11:19  SCV x2  
  169  11:23  Marauder  
  172  11:28  Marauder x2  
  172  11:32  Marauder  
  178  11:38  Marine x2  
  178  11:39  Medivac x2  
  179  11:43  Marine x2  
  179  11:44  Marauder  
  179  11:45  Marine x2, Widow Mine x2  
  189  11:49  Marauder x2  
  189  11:52  Marine x2  
  195  12:05  Marine x2  
  195  12:06  Widow Mine x2  
  195  12:08  Marauder  
  193  12:12  Marine  
  184  12:19  Marine x3  
  184  12:22  Planetary Fortress  
  160  12:24  Marine x4  
  160  12:25  Marauder, Marine  
  160  12:27  SCV  
  160  12:28  SCV x2, Widow Mine  
  154  12:37  Marauder  
  154  12:40  Marauder, SCV  
  154  12:43  Marauder  
  154  12:49  SCV x2  
  156  12:52  SCV  
  156  12:55  Marine x3  
  156  12:57  Marine  
  161  12:58  Marine  
  161  13:01  Marine  
  163  13:08  Marauder x2  
  163  13:09  Marine  
  163  13:12  Marauder  
  156  13:14  Widow Mine x2  
  156  13:16  Marauder  
  158  13:20  Marine  
  149  13:29  Marine x3  
  149  13:30  Marauder x2  
  149  13:33  Marauder  
  156  13:35  Widow Mine  
  156  13:36  Widow Mine  
  156  13:37  Marauder  
  156  13:38  Marine x2  
Show
View Real Time Build Order
Export as new Build Order

Lambo Zerg 

Build Orders: Hatch First 

Get SALT Encoding   

  12  0:00  Drone  
  13  0:07  Drone  
  14  0:14  Extractor  
  14  0:15  Drone  
  15  0:21  Overlord  
  15  0:39  Drone  
  16  0:44  Hatchery  
  16  0:49  Drone  
  16  0:51  Drone  
  16  0:56  Drone  
  18  1:06  Extractor  
  18  1:11  Spawning Pool  
  16  1:13  Drone  
  16  1:17  Drone  
  18  1:27  Drone  
  19  1:38  Drone  
  20  1:47  Drone  
  21  1:57  Queen x2  
  21  1:58  Drone  
  21  1:59  Zergling x2  
  27  2:07  Zergling x2  
  28  2:09  Overlord  
  28  2:10  Metabolic Boost  
  28  2:27  Drone x2  
  28  2:28  Drone  
  31  2:31  Drone  
  32  2:38  Hatchery  
  32  2:40  Drone  
  32  2:42  Overlord  
  32  2:50  Queen  
  34  2:54  Drone  
  34  2:56  Drone  
  36  3:02  Drone  
  37  3:07  Drone x3, Overlord  
  37  3:09  Drone  
  37  3:11  Drone  
  42  3:13  Drone  
  42  3:19  Extractor  
  42  3:20  Queen  
  42  3:26  Queen  
  47  3:30  Drone x2  
  49  3:35  Drone x2  
  49  3:40  Drone  
  51  3:42  Overlord  
  51  3:49  Overlord  
  51  3:52  Drone x4  
  51  3:54  Queen  
  57  4:01  Drone x3, Evolution Chamber  
  59  4:04  Extractor  
  59  4:05  Drone x2  
  59  4:07  Drone  
  61  4:10  Queen  
  61  4:13  Drone  
  61  4:14  Drone  
  61  4:16  Drone  
  66  4:18  Drone x2  
  66  4:23  Drone x2  
  70  4:26  Zergling x2  
  70  4:27  Zerg Ground Armor Level 1  
  70  4:30  Zergling x2  
  72  4:34  Zergling x2  
  73  4:39  Overlord  
  73  4:40  Overlord, Extractor, Queen  
  73  4:43  Lair  
  74  4:49  Overlord  
  74  4:52  Overlord  
  74  4:56  Overlord  
  74  4:57  Baneling Nest  
  74  4:59  Zergling x12  
  79  5:07  Zergling x4  
  79  5:08  Queen  
  79  5:12  Zergling x6  
  88  5:14  Drone x2  
  88  5:15  Drone  
  88  5:16  Queen  
  88  5:17  Extractor  
  88  5:18  Zergling x4  
  88  5:20  Zergling x4  
  93  5:24  Overlord  
  93  5:27  Drone x3  
  96  5:35  Overlord  
  96  5:38  Drone  
  96  5:40  Zergling x6, Hatchery  
  99  5:44  Zergling x6  
  99  5:49  Zergling x8  
  106  5:52  Centrifugal Hooks  
  106  5:54  Zergling x2, Evolution Chamber  
  106  5:55  Zergling x2  
  107  5:57  Zergling x2  
  107  6:03  Baneling x3  
  105  6:04  Zergling x4  
  105  6:09  Zergling x8  
  105  6:11  Baneling, Queen x2  
  109  6:13  Zergling x2  
  109  6:17  Zergling x6  
  113  6:18  Baneling x3  
  113  6:21  Zergling x6  
  113  6:25  Zergling x4  
  113  6:26  Baneling x3  
  113  6:28  Zergling x6  
  113  6:32  Zerg Melee Weapons Level 1  
  112  6:37  Zergling x2  
  112  6:38  Zergling x4  
  115  6:44  Baneling x4  
  115  6:47  Zergling x10  
  115  6:51  Zerg Ground Armor Level 2  
  115  6:53  Zergling x2, Baneling x2  
  115  6:54  Zergling x10  
  126  6:56  Baneling x2  
  126  6:57  Overlord  
  126  7:03  Zergling x2  
  124  7:09  Zergling x8  
  124  7:15  Zergling x8  
  125  7:17  Zergling x4  
  125  7:18  Baneling x3  
  125  7:20  Zergling x12  
  123  7:26  Baneling x2  
  123  7:28  Drone x3  
  125  7:32  Zergling x2  
  125  7:33  Baneling x2  
  125  7:36  Zergling x8, Hatchery  
  129  7:41  Baneling x4  
  129  7:43  Zergling x6  
  131  7:49  Zergling x6  
  123  7:54  Zergling x2  
  123  7:57  Queen x2  
  119  8:05  Zergling x20  
  129  8:12  Zergling x4  
  131  8:18  Zergling x6  
  131  8:19  Spore Crawler  
  133  8:22  Zergling x2  
  133  8:25  Zergling x2  
  118  8:27  Drone  
  118  8:29  Zerg Melee Weapons Level 2  
  118  8:32  Drone x4  
  118  8:33  Infestation Pit  
  117  8:37  Drone x5  
  122  8:43  Hatchery  
  122  8:44  Zergling x10  
  126  8:51  Overlord  
  126  8:52  Drone x3  
  129  9:01  Extractor  
  128  9:07  Zergling x16  
  136  9:11  Zergling x20, Hatchery  
  136  9:16  Hive  
  145  9:19  Zergling x2  
  145  9:20  Zergling x6, Baneling x5  
  149  9:25  Baneling x2  
  149  9:27  Zergling x2  
  149  9:28  Overlord x3  
  149  9:30  Overlord  
  149  9:31  Overlord  
  149  9:36  Overlord  
  149  9:42  Overlord  
  149  9:45  Zergling x4  
  149  9:46  Overlord  
  149  9:49  Pneumatized Carapace  
  149  9:50  Drone x5  
  149  9:51  Overseer  
  154  9:53  Zergling x12, Extractor  
  154  9:55  Extractor  
  154  9:59  Zergling x12  
  163  10:05  Drone x6  
  169  10:07  Drone x2  
  169  10:10  Drone x2  
  169  10:13  Zergling x6  
  176  10:20  Zergling x12  
  182  10:21  Overseer x2  
  182  10:22  Overseer  
  182  10:23  Zergling x2  
  182  10:24  Zergling x2  
  182  10:25  Baneling  
  180  10:38  Zergling x28  
  180  10:41  Drone x2  
  180  10:42  Drone  
  195  10:44  Overlord  
  195  10:45  Baneling x4  
  195  10:46  Zergling x2  
  195  10:49  Zergling x2  
  195  10:50  Zergling x6  
  195  10:56  Zergling x16  
  190  10:59  Zergling x8  
  190  11:03  Zergling x10  
  191  11:05  Zergling x2  
  191  11:06  Zergling x4  
  189  11:14  Zergling x22  
  189  11:16  Overlord  
  198  11:19  Overlord  
  198  11:20  Drone x2  
  198  11:23  Adrenal Glands  
  196  11:26  Zergling x6  
  183  11:33  Zergling x18  
  183  11:36  Zergling x8  
  183  11:37  Zergling x2  
  167  11:40  Infestor x2  
  167  11:42  Zergling x2  
  165  11:49  Zergling x10  
  165  11:51  Baneling  
  165  11:52  Baneling x6  
  165  11:53  Zergling x2  
  165  11:54  Zergling x4  
  173  12:00  Zergling x18  
  180  12:04  Zergling x8  
  167  12:09  Zergling x8  
  158  12:17  Zergling x10  
  158  12:20  Ultralisk Cavern  
  159  12:24  Viper x3  
  159  12:29  Zergling x20  
  175  12:35  Zergling x2  
  175  12:36  Zergling x6  
  173  12:47  Hatchery  
  173  12:49  Zergling x2  
  173  12:50  Zergling x14  
  173  12:51  Baneling x5  
  180  12:56  Overseer  
  180  12:58  Drone x3  
  179  13:06  Zergling x18  
  179  13:10  Zergling x2  
  179  13:11  Zergling x2  
  147  13:15  Zergling x2  
  147  13:16  Zergling x2  
  147  13:19  Ultralisk x2  
  162  13:20  Zergling x4  
  162  13:25  Zergling x8  
  139  13:27  Zergling x8  
  139  13:33  Zergling x8  
  128  13:37  Zergling x4  
Tags
 
Add a new tag
Caveats
  • Supply blocks, unpowered buildings, or Contaminate may cause inaccurate times.
  • Supply counts are checked every 10 seconds.